 Dungeon Crawl Stone Soup version 0.31.0-11-ge490571c62 (webtiles) character file.

Game seed: 5013087740991462830

137 qw the Ducker (level 5, -9/26 HPs)
             Began as a Spriggan Hunter on Feb 3, 2024.
             Killed by divine providence
             ... invoked by an orc priest
              (15 damage)
             ... on level 4 of the Dungeon.
             The game lasted 00:00:10 (2477 turns).

qw the Ducker (Spriggan Hunter)                     Turns: 2477, Time: 00:00:10

Health: -9/26      AC:  2    Str:  7    XL:     5   Next: 0%
Magic:  6/6        EV: 20    Int: 11    God:
Gold:   178        SH:  0    Dex: 20    Spells: 4/4 levels left

rFire   . . .        a - +0 shortbow
rCold   . . .        (shield currently unavailable)
rNeg    . . .        c - +0 robe
rPois   .            (helmet restricted)
rElec   .            (no cloak)
rCorr   .            (gloves unavailable)
SInv    +            (boots unavailable)
Will    +....        (no amulet)
Stlth   ++           g - ring of willpower
HPRegen 0.24/turn    (no ring)
MPRegen 0.10/turn

%: no passive effects
@: very quick
A: very small, no large weapons, unfitting armour, see invisible, speed 3
a: no special abilities


You were on level 4 of the Dungeon.
You visited 1 branch of the dungeon, and saw 4 of its levels.

You collected 178 gold pieces.


Innate Abilities, Weirdness & Mutations

You are very small and have problems with some larger weapons.
You are too small for most types of armour.
You have supernaturally acute eyesight. (SInv)
You cover ground extremely quickly. (Speed+++)


   Skills:
 + Level 1.9 Fighting
 - Level 5.0 Ranged Weapons
 - Level 5.4 Dodging
 - Level 1.5 Stealth


You had 4 spell levels left.
You didn't know any spells.
Your spell library was empty.

Inventory:

Hand Weapons
 a - a +0 shortbow (weapon)
Armour
 c - a +0 robe (worn)
Jewellery
 b - a ring of flight
 g - a ring of willpower (left hand)
Potions
 f - 3 potions of curing
 i - a potion of lignification {unknown}

Dungeon Overview and Level Annotations

Branches:
Dungeon (4/15)
 Temple: D:4-7

Altars:

Shops:
D:3 [


Message History

The orc priest invokes the aid of Beogh against you.
Beogh smites you! The orc completely misses you.
An orc comes into view. It is wielding a +2 vampiric war axe.
You shoot an arrow. The arrow hits the orc!
You kill the orc!
You shoot an arrow. The arrow hits the ball python!
You kill the ball python!
You shoot an arrow. The arrow hits the orc!
You kill the orc!
The orc completely misses you.
You have reached level 5!
You feel clever.
You shoot an arrow. The arrow hits the orc.
The orc is moderately wounded.
The orc misses you.
You shoot an arrow. The arrow closely misses the orc.
The arrow hits the orc but does no damage.
The orc barely misses you.
You shoot an arrow. The arrow closely misses the orc.
The arrow barely misses the orc.
The orc closely misses you.
You shoot an arrow. The arrow barely misses the orc. x2
The orc completely misses you.
You shoot an arrow. The arrow hits the orc.
The orc is severely wounded.
The orc hits you with a +2 vampiric war axe!
The orc draws strength from your wounds!
You shoot an arrow. The arrow closely misses the orc.
The arrow hits the orc but does no damage.
The orc completely misses you. x2
The orc priest calls upon Beogh to heal the orc.
The orc's wounds heal themselves!
You shoot an arrow. The arrow barely misses the orc. x2
The orc misses you.
You shoot an arrow. The arrow closely misses the orc.
The arrow hits the orc but does no damage.
The orc closely misses you.
The orc priest invokes the aid of Beogh against you.
Beogh smites you!
Ouch! That really hurt!
You die...

#..##.#
##.##.#
#.# #.# #.
#.# ...
#.# ..<
#.# ..
#.######o#
#[....@oo#
##########


You could see an orc priest and 2 orcs.

Vanquished Creatures
  An iguana (D:4)
  3 adders
  A dart slug (D:4)
  A ribbon worm (D:3)
  2 orcs (D:4)
  12 endoplasms
  4 giant cockroaches
  5 hobgoblins
  8 jackals
  A quokka (D:2)
  6 ball pythons
  6 bats
  6 frilled lizards
  5 goblins
  7 kobolds
  2 rats
70 creatures vanquished.

Vanquished Creatures (others)
  A goblin (D:4)
1 creature vanquished.

Grand Total: 71 creatures vanquished

Notes
Turn   | Place    | Note
-------+----------+-------------------------------------------
     0 | D:1      | qw the Spriggan Hunter began the quest for the Orb.
     0 | D:1      | Reached XP level 1. HP: 10/10 MP: 2/2
     0 | D:1      | 0 ||| qw: Version: 0.3-a-157-g843a77d
     0 | D:1      | 0 ||| qw: Game counter: 3914
     0 | D:1      | 0 ||| qw: Melee chars always use a shield: true
     0 | D:1      | 0 ||| qw: God list: Okawaru
     0 | D:1      | 0 ||| qw: Allow faded altars: false
     0 | D:1      | 0 ||| qw: Do Orc after clearing Dungeon:15 true
     0 | D:1      | 0 ||| qw: Do second Lair branch before Depths: true
     0 | D:1      | 0 ||| qw: Lair rune preference: random
     0 | D:1      | 0 ||| qw: Goals: Normal
     0 | D:1      | 0 ||| PLANNING D:1-11
    71 | D:1      | Reached skill level 3 in Dodging
   135 | D:1      | Reached XP level 2. HP: 14/14 MP: 3/3
   739 | D:1      | 739 ||| UPGRADING to ring of willpower.
   740 | D:1      | 740 ||| READING scroll labelled JOFRAO JOFIWNE.
   741 | D:1      | 741 ||| READING 2 scrolls labelled DAOXAKH GECIS.
   741 | D:1      | 741 ||| IDENTIFYING yellow potion
   742 | D:1      | 742 ||| READING scroll of identify.
   742 | D:1      | 742 ||| IDENTIFYING blue potion
   743 | D:1      | 743 ||| DROPPING scroll of butterflies.
   744 | D:1      | 744 ||| DROPPING potion of ambrosia.
   888 | D:2      | 888 ||| FLEEEEING.
   889 | D:2      | 889 ||| FLEEEEING.
   890 | D:2      | 890 ||| FLEEEEING.
   904 | D:2      | 904 ||| FLEEEEING.
   905 | D:2      | 905 ||| FLEEEEING.
   907 | D:2      | 907 ||| STAIRDANCE
   982 | D:2      | Reached XP level 3. HP: 10/18 MP: 4/4
  1005 | D:2      | 1005 ||| FLEEEEING.
  1020 | D:2      | Found a faded altar of an unknown god.
  1152 | D:2      | HP: 4/18 [poisoned by an adder]
  1521 | D:2      | 1521 ||| READING scroll of identify.
  1521 | D:2      | 1521 ||| IDENTIFYING viscous puce potion
  1522 | D:2      | 1522 ||| READING scroll labelled MOXTIOBOM ETUC.
  1522 | D:2      | 1522 ||| ENCHANTING +0 shortbow.
  1523 | D:2      | 1523 ||| DROPPING potion of berserk rage.
  1565 | D:3      | Found Uplor's Armour Boutique.
  1574 | D:3      | 1574 ||| SHOPLISTING +0 hat of the Valley {rPois Will+
                  | Str+4} (292 gold, have 79).
  1574 | D:3      | 1574 ||| SHOPLISTING +1 cloak "Imixy" {Will+} (221 gold,
                  | have 79).
  1675 | D:3      | Reached XP level 4. HP: 22/22 MP: 5/5
  1978 | D:3      | 1978 ||| READING scroll of identify.
  1978 | D:3      | 1978 ||| IDENTIFYING fuming orange potion
  1979 | D:3      | 1979 ||| READING scroll labelled BIMUISTR LAILIBB.
  1980 | D:3      | 1980 ||| READING scroll labelled EXOIRE FUFULI.
  1984 | D:3      | 1984 ||| READING scroll labelled HUELAF ZEI.
  1985 | D:3      | 1985 ||| READING scroll labelled MUX JUZXUCWE.
  1986 | D:3      | 1986 ||| DROPPING potion of attraction.
  1988 | D:3      | 1988 ||| Stepping ~*~*~tactically~*~*~ (cloud).
  1994 | D:3      | HP: 5/22 [poisoned by you (poison gas)]
  2093 | D:4      | 2093 ||| PLANNING OSSUARY
  2377 | D:4      | 2377 ||| FLEEEEING.
  2470 | D:4      | Reached XP level 5. HP: 14/26 MP: 6/6
  2474 | D:4      | HP: 5/26 [orc/+2 vampiric war axe (10)]
  2477 | D:4      | Killed from afar by an orc priest

Levels and vault maps discovered:
D:1:      scummos_arrival_simple_fountains, layout_loops_corners
D:2:      layout_loops_ring, hellmonk_ecumenical_altar_blasted
D:3:      layout_rooms, serial_shops, nicolae_square_shop,
          minmay_misc_feat_diagonals, minmay_misc_feat_nine_boxes
D:4:      layout_loops_ring, lemuel_temple_firewalk_a,
          nicolae_ossuary_entry_false_entrances, patterned_corridor

Skill      XL: |  1  2  3  4 |
---------------+-------------+-----
Dodging        | 3 4 5 |  5.4
Ranged Weapons | 5 |  5.0
Fighting       | |  1.9
Stealth        | |  1.5

Action                     |  1- 3 |  4- 6 || total
---------------------------+-------+-------++-------
   Fire: Shortbow          |   151 |    64 ||   215
    Use: Scroll            |     5 |     5 ||    10
 Armour: Robe              |    20 |     5 ||    25
  Dodge: Dodged            |    60 |    22 ||    82

Table legend:
 A = Non-vault XP
 B = Vault XP
 C = Vault XP percentage of total XP
 D = Non-vault monster count
 E = Vault monster count
 F = Vault count percentage of total count
                 A         B        C        D         E       F
            +---------+---------+-------+---------+---------+-------
      Total |     196 |       0 |   0.0 |      70 |       0 |   0.0
            +---------+---------+-------+---------+---------+-------
        D:1 |      24 |       0 |   0.0 |      16 |       0 |   0.0
        D:2 |      52 |       0 |   0.0 |      23 |       0 |   0.0
        D:3 |      55 |       0 |   0.0 |      23 |       0 |   0.0
        D:4 |      65 |       0 |   0.0 |       8 |       0 |   0.0
            +---------+---------+-------+---------+---------+-------
